 Dungeon Crawl Stone Soup version 0.23-a0-143-g1adec7b (webtiles) character file.

74 galech the Skirmisher (level 4, -8/38 HPs)
             Began as a Demonspawn Monk on Sept 3, 2018.
             Mangled by a gnoll
             ... wielding a +0 spear
              (9 damage)
             ... on level 2 of the Dungeon.
             The game lasted 00:02:25 (1971 turns).

galech the Skirmisher (Demonspawn Monk)             Turns: 1971, Time: 00:02:26

Health: -8/38      AC:  6    Str: 11    XL:     4   Next: 10%
Magic:  4/4        EV: 12    Int: 11    God:
Gold:   66         SH:  0    Dex: 17    Spells: 3/3 levels left

rFire    . . .     SeeInvis .   a - +0 hand axe
rCold    . . .     Gourm    .   (no shield)
rNeg     . . .     Faith    .   e - +0 ring mail
rPois    .         Spirit   .   (no helmet)
rElec    .         Reflect  .   (no cloak)
rCorr    .         Harm     .   (no gloves)
MR       .....                  (no boots)
Stlth    +.........             (no amulet)
HPRegen  0.12/turn              (no ring)
MPRegen  0.09/turn              (no ring)

@: no status effects
A: rugged brown scales 1, powered by death 1, rot immunity
a: no special abilities


You were on level 2 of the Dungeon.
You were hungry.

You visited 1 branch of the dungeon, and saw 2 of its levels.

You collected 66 gold pieces.

Inventory:

Hand Weapons
 a - a +0 hand axe (weapon)
Armour
 e - a +0 ring mail (worn)
Scrolls
 d - 2 scrolls of enchant weapon {unknown}
 g - a scroll of magic mapping {unknown}
 h - a scroll of remove curse {unknown}
 i - 2 scrolls of identify {unknown}
 l - 2 scrolls of amnesia {unknown}
Potions
 b - a potion of degeneration {unknown}
 f - a potion of heal wounds
 j - a potion of resistance {unknown}
 k - a potion of berserk rage {unknown}
 n - a potion of curing {unknown}
 o - a potion of flight {unknown}
Comestibles
 c - 5 rations


   Skills:
 + Level 3.8 Fighting
 + Level 3.3 Axes
 + Level 0.6 Armour
 + Level 3.2 Dodging
 + Level 1.8 Stealth


You had 3 spell levels left.
You didn't know any spells.
Your spell library was empty.

Dungeon Overview and Level Annotations

Branches:
Dungeon (2/15)

Altars:
Trog


Innate Abilities, Weirdness & Mutations

You are partially covered in rugged brown scales. (AC +1, +3% HP)
You regenerate a little health from kills.
You are immune to rotting.


Message History

There is an open door here.
There is a stone staircase leading down here.
You climb downwards.
There is a stone staircase leading up here.
You start resting.
You are feeling hungry.
You start resting.
The gnoll is too close now for your liking.
A gnoll is nearby!
A gnoll is nearby!
The gnoll shouts!
The gnoll closely misses you.
You closely miss the gnoll. The gnoll hits you with a spear!
* * * LOW HITPOINT WARNING * * *
The gnoll closely misses you. The gnoll hits you with a spear.
* * * LOW HITPOINT WARNING * * *
The bat closely misses you.
The gnoll hits you from afar with a spear!
You die...

#.# ..# #.###### ### #.#
#....... #<# ###.# #.######
#.# ..#.#####.#....# # #.#
#.#.#........#.# #.#####.#
#.#.#.###.#....#
##.......###.#.#.###.##.#.#
..........@.........g>..<..
#......g.b..#.###.#####..#
#.####........#...........
. #.............#.#####...
.# #.>...........#.#...'...
.#
...####.#####.#..#.#.###...
.# #..........#.#......#
#... .#
######.###.#.#.##.### ##.#
.# #g# #.#.#....# #.#


You could see a gnoll and a bat.

Vanquished Creatures
  3 adders (D:2)
  4 worms (D:2)
  2 dart slugs
  3 leopard geckos (D:2)
  2 goblins (D:2)
  5 hobgoblins
  A quokka (D:2)
  A ball python (D:2)
  5 bats
  2 frilled lizards (D:2)
  A kobold (D:2)
  3 rats
32 creatures vanquished.

Notes
Turn   | Place    | Note
-------+----------+-------------------------------------------
     0 | D:1      | galech the Demonspawn Monk began the quest for the Orb.
     0 | D:1      | Reached XP level 1. HP: 18/18 MP: 1/1
   417 | D:1      | Gained mutation: You are partially covered in rugged brown
                  | scales. (AC +1, +3% HP) [demonic ancestry]
   417 | D:1      | Reached XP level 2. HP: 13/24 MP: 2/2
  1228 | D:2      | Gained mutation: You regenerate a little health from kills.
                  | [demonic ancestry]
  1228 | D:2      | Reached XP level 3. HP: 28/29 MP: 3/3
  1347 | D:2      | Found a bloodstained altar of Trog.
  1513 | D:2      | Gained mutation: You are immune to rotting. [demonic
                  | ancestry]
  1513 | D:2      | Reached XP level 4. HP: 26/38 MP: 4/4
  1970 | D:2      | HP: 1/38 [gnoll/spear (5)]
  1971 | D:2      | Mangled by a gnoll

Vault maps used:
D:1:      scummos_arrival_simple_fountains
D:2:      cheibrodos_helix_gallery, bloody_trog

Skill      XL: |  1  2 |
---------------+-------+-----
Axes           | 3 |  3.3
Dodging        | 3 |  3.2
Fighting       | |  3.8
Armour         | |  0.6
Stealth        | |  1.8

Action                   |  1- 3 |  4- 6 || total
-------------------------+-------+-------++-------
Melee: Hand axe          |   130 |    23 ||   153
  Use: Potion            |     1 |       ||     1
 Stab: Sleeping          |     1 |       ||     1
  Eat: Chunk             |     2 |     1 ||     3
Armor: Ring mail         |    66 |    39 ||   105
Dodge: Dodged            |   109 |    50 ||   159

Table legend:
 A = Non-vault XP
 B = Vault XP
 C = Vault XP percentage of total XP
 D = Non-vault monster count
 E = Vault monster count
 F = Vault count percentage of total count
                 A         B        C        D         E       F
            +---------+---------+-------+---------+---------+-------
      Total |     102 |       5 |   4.7 |      30 |       2 |   6.2
            +---------+---------+-------+---------+---------+-------
        D:1 |      13 |       0 |   0.0 |       7 |       0 |   0.0
        D:2 |      89 |       5 |   5.3 |      23 |       2 |   8.0
            +---------+---------+-------+---------+---------+-------
